[Event "*** Titled Tuesday Blitz"]
[Site "Chess.com"]
[Date "2021.04.20"]
[Round "7"]
[White "elisak43"]
[Black "Skat2704"]
[Result "0-1"]
[WhiteElo "2513"]
[BlackElo "2673"]
[TimeControl "180+1"]
[EndTime "11:16:41 PDT"]
[Termination "Skat2704 won by resignation"]

1. Nc3 d5 2. e4 d4 3. Nce2 c5 4. Nf3 Nc6 5. Ng3 e5 6. Bc4 Bd6 7. O-O Nf6 8. d3 O-O 9. a3 a6 10. Bg5 h6 11. Bh4 Be7 12. Nf5 Bxf5 13. exf5 Qd7 14. Bg3 Qxf5 15. Re1 Bd6 16. Nh4 Qd7 17. Qf3 Rfe8 18. Nf5 e4 19. dxe4 Ne5 20. Bxe5 Bxe5 21.
Qh3 b5 22. Bd5 Rad8 23. a4 Nxd5 24. exd5 Qxd5 25. axb5 axb5 26. Qg4 Qe6 27. Qf3 Qf6 28.
g3 c4 29. Kg2 d3 30. cxd3 Rxd3 31. Qe4 Rd2 32. Rad1 Rxf2+ 33. Kxf2 Bxg3+ 34. Kxg3 Rxe4 35. Rxe4 Qxf5 36. Re2 b4 37. Rd4 c3 38. bxc3 bxc3 39. Rf4 Qd3+ 40. Kf2 c2 41. Rf3 Qd4+ 0-1

[Event "*** Titled Tuesday Blitz"]
[Site "Chess.com"]
[Date "2021.04.20"]
[Round "7"]
[White "SHIVACalypso"]
[Black "biostatistician"]
[Result "0-1"]
[WhiteElo "2466"]
[BlackElo "2611"]
[TimeControl "180+1"]
[EndTime "11:16:41 PDT"]
[Termination "biostatistician won by resignation"]

1. Nf3 Nf6 2. c4 g6 3. g3 Bg7 4. Bg2 O-O 5. O-O b6 6. d4 Bb7 7. Nc3 Ne4 8. Qc2 Nxc3 9. Qxc3 c5 10. Be3 Nc6 11. Rfd1 Rc8 12. Rac1 d5 13. Qd2 dxc4 14.
dxc5 b5 15. Qd7 Qxd7 16. Rxd7 Ba8 17. b3 c3 18. a3 Rfd8 19. Rxd8+ Rxd8 20. b4 a5 21. Ne1 axb4 22. Bxc6 bxa3 23. Bxb5 a2 24. Nc2 Rb8 25. Bc4 Rb2 26. Na1 c2 27. Nxc2 Rxc2 28.
Bxa2 Rxa2 29. c6 Bf6 30. c7 Bb7 31. Rb1 Ba6 32. Bh6 Rb2 33. Ra1 Bb7 34. Ra7 Rb1+ 0-1

[Event "*** Titled Tuesday Blitz"]
[Site "Chess.com"]
[Date "2021.04.20"]
[Round "7"]
[White "Harry_Rakkel"]
[Black "RiskyDecision"]
[Result "1-0"]
[WhiteElo "2607"]
[BlackElo "2459"]
[TimeControl "180+1"]
[EndTime "11:16:41 PDT"]
[Termination "Harry_Rakkel won by resignation"]

1. d4 f5 2. c4 Nf6 3. Nc3 d6 4. Bg5 Nbd7 5. Qc2 g6 6. O-O-O c6 7. h4 h6 8. Bxf6 Nxf6 9. Nh3 Be6 10. Nf4 Bf7 11. d5 Qd7 12. Kb1 Bg7 13. e3 Ng4 14. h5 g5 15. Ng6 Bxg6 16. hxg6 c5 17. Bd3 O-O 18. Rh3 b5 19. cxb5 a6 20. bxa6 Rfb8 21.
Bxf5 Rxb2+ 22. Kxb2 Qb5+ 23. Kc1 Qa5 24. Be6+ Kf8 25.
Rf3+ Nf6 26. Kd2 Ke8 27. Ke2 Qxa6+ 28. Qd3 c4 29. Qc2 Ng4 30. e4 Ne5 31. Rh3 Nd3 32.
Rhxd3 cxd3+ 33. Rxd3 Qc4 34. Qb3 Qa6 35. Qb5+ Qxb5 36.
Nxb5 Rxa2+ 37. Rd2 Ra5 38. Rc2 Ra8 39. Nc7+ 1-0

[Event "*** Titled Tuesday Blitz"]
[Site "Chess.com"]
[Date "2021.04.20"]
[Round "7"]
[White "Mikasinski"]
[Black "SmoothAsAHedgehog"]
[Result "0-1"]
[WhiteElo "2517"]
[BlackElo "2680"]
[TimeControl "180+1"]
[EndTime "11:16:42 PDT"]
[Termination "SmoothAsAHedgehog won on time"]

1. e4 c6 2. d4 d5 3. e5 a6 4. Ne2 Bg4 5. f3 Bd7 6. c3 c5 7. dxc5 Qc7 8. Qxd5 e6 9. Qe4 Bxc5 10. Qf4 Ne7 11. Be3 Nd5 12. Qg5 Nxe3 13. Qxg7 Rf8 14. Qxh7 Qxe5 15. Nd2 Rh8 16. Qd3 Nc6 17. Ne4 O-O-O 18.
f4 Qd5 19. Qxd5 exd5 20. Nxc5 Nc2+ 21. Kd2 Nxa1 22. Ng3 d4 23. Bd3 dxc3+ 24. Kxc3 Kc7 25. Nge4 Bf5 26. h3 Rd5 27. Rxa1 Rhd8 28. Bc4 Rd4 29. Re1 Re8 30. Bd3 a5 31. a3 b6 32.
Na6+ Kd8 33. Nf6 Rxd3+ 0-1

[Event "*** Titled Tuesday Blitz"]
[Site "Chess.com"]
[Date "2021.04.20"]
[Round "7"]
[White "prachiti01"]
[Black "Kolle05"]
[Result "1-0"]
[WhiteElo "2232"]
[BlackElo "2323"]
[TimeControl "180+1"]
[EndTime "11:16:43 PDT"]
[Termination "prachiti01 won on time"]

1. e4 c5 2. c3 d5 3. exd5 Qxd5 4.
d4 cxd4 5. cxd4 Nf6 6. Nc3 Qd8 7. Nf3 e6 8. Be2 Be7 9. O-O O-O 10. h3 Nc6 11.
Be3 a6 12. a3 b5 13. Qb3 Bb7 14. Rac1 Rc8 15. Rfd1 Na5 16. Qc2 Nc4 17. Ne5 Nxe3 18.
fxe3 h6 19. Bf3 Bxf3 20. Nxf3 Nd5 21. Qd2 Nxc3 22. Rxc3 Qd5 23. Rdc1 Rxc3 24. Qxc3 Bf6 25. Qc6 Qb3 26. Qc3 Qd5 27. Kh1 g6 28. Qc6 Qb3 29. Qc2 Qd5 30. e4 Qa8 31. Qc6 Qa7 32. d5 Bxb2 33.
Rc2 Bxa3 34. dxe6 Qe7 35. exf7+ Rxf7 36. Qxg6+ Kh8 37. Qxh6+ Kg8 38. Qxa6 Bd6 39. Qxb5 Qxe4 40. Rc8+ Bf8 41. Qc4 Qe3 42. Rc7 1-0

[Event "*** Titled Tuesday Blitz"]
[Site "Chess.com"]
[Date "2021.04.20"]
[Round "7"]
[White "kreonx"]
[Black "MerryPoppies"]
[Result "0-1"]
[WhiteElo "2270"]
[BlackElo "2135"]
[TimeControl "180+1"]
[EndTime "11:16:44 PDT"]
[Termination "MerryPoppies won on time"]

1. e4 e5 2. Nc3 Nc6 3. g3 Nf6 4. Bg2 Bc5 5. Nge2 O-O 6. O-O Nd4 7. Nxd4 Bxd4 8. Ne2 Bb6 9. d4 exd4 10. Nxd4 d5 11.
exd5 Nxd5 12. Nb3 c6 13. c4 Ne7 14. Bg5 f6 15. Bf4 Ng6 16. Bd6 Re8 17. Nc5 Bxc5 18.
Bxc5 Qxd1 19. Rfxd1 Be6 20. b3 a5 21. Bb6 a4 22. Bf1 Ne5 23. f4 Nd7 24. Bd4 Bg4 25. Re1 c5 26. Be3 axb3 27. Kf2 Rxa2+ 28. Rxa2 bxa2 29.
Ra1 Ra8 30. Be2 Bf5 31. Bd1 Bb1 32. Bb3 b6 33. Ke2 Kf7 34. Kd2 Ke6 35. Kc3 Nb8 36.
Kb2 Kf5 37. Bc2+ Bxc2 38. Kxc2 Ke4 39. Bd2 Nc6 40. Bc3 Nd4+ 41. Kb2 Ne2 42. Re1 Kd3 43. Bxf6 gxf6 0-1

[Event "*** Titled Tuesday Blitz"]
[Site "Chess.com"]
[Date "2021.04.20"]
[Round "7"]
[White "DarZay"]
[Black "yonaltimur"]
[Result "1-0"]
[WhiteElo "2184"]
[BlackElo "1741"]
[TimeControl "180+1"]
[EndTime "11:16:47 PDT"]
[Termination "DarZay won by checkmate"]

1. e4 c5 2. Nc3 e6 3. f4 d5 4. e5 Nc6 5. Nf3 a6 6. a4 b6 7. d4 cxd4 8. Nxd4 Bb7 9. Be3 Bc5 10. Be2 Nge7 11. O-O Nxd4 12. Bxd4 Bxd4+ 13. Qxd4 Nf5 14.
Qf2 h5 15. Bd3 g6 16. Rad1 d4 17. Ne4 Ne3 18. Nf6+ Kf8 19. Rfe1 Nxd1 20. Rxd1 Kg7 21. Qg3 h4 22. Qg4 h3 23. gxh3 Qc7 24. f5 exf5 25. Bxf5 Qc6 26. Be4 Qc7 27. e6 Bc8 28. Bxa8 Bxe6 29.
Qf3 Rxh3 30. Ne8+ Kf8 31. Nxc7 Rxf3 32. Nxe6+ fxe6 33. Bxf3 e5 34. Kg2 Ke7 35. Kg3 Kf6 36. Kg4 g5 37. Be4 b5 38. Rf1+ Ke6 39. h4 gxh4 40.
Kxh4 bxa4 41. Ra1 a5 42. Rxa4 Kf6 43. Rxa5 Ke6 44. Ra6+ Kd7 45. Rc6 Ke7 46. b4 Kd7 47. b5 Ke7 48. b6 Kd7 49. b7 Ke7 50. b8=Q Kf7 51. Qb7+ Kg8 52. Rc8# 1-0

[Event "*** Titled Tuesday Blitz"]
[Site "Chess.com"]
[Date "2021.04.20"]
[Round "7"]
[White "GMRafpig"]
[Black "Sharpchess22"]
[Result "1-0"]
[WhiteElo "2709"]
[BlackElo "2789"]
[TimeControl "180+1"]
[EndTime "11:16:48 PDT"]
[Termination "GMRafpig won by checkmate"]

1. c4 c5 2. g3 g6 3. Bg2 Bg7 4. Nc3 Nc6 5. b3 e5 6. Bb2 d6 7.
Nf3 Nge7 8. d3 O-O 9. O-O h6 10. a3 Be6 11. b4 cxb4 12. axb4 Nxb4 13. Ba3 a5 14. Rb1 Nec6 15. Ne1 Re8 16. Nc2 Nxc2 17. Qxc2 Rb8 18. e3 f5 19. Rfd1 f4 20. Ne4 fxe3 21. fxe3 Nb4 22. Bxb4 axb4 23. Rxb4 Kh7 24. Rdb1 Re7 25.
Nc3 Bc8 26. Rf1 Qa5 27. Nd5 Re8 28. Rb5 Qa7 29. Rf7 Kg8 30. Rc7 Qa1+ 31. Rb1 Qa7 32. Ne7+ Kh7 33. d4 Rxe7 34. Rxe7 exd4 35. Be4 Bh3 36. Bxg6+ Kh8 37. Qe4 Rg8 38. Rexb7 Qa2 39. Rxg7 Kxg7 40. Rb7+ Kf6 41. Rf7+ Kg5 42. Qh4+ Kxg6 43.
Rf6+ Kg7 44. Qxh6# 1-0

[Event "*** Titled Tuesday Blitz"]
[Site "Chess.com"]
[Date "2021.04.20"]
[Round "7"]
[White "chessmadara"]
[Black "Kostukov_Alex"]
[Result "1-0"]
[WhiteElo "2182"]
[BlackElo "2323"]
[TimeControl "180+1"]
[EndTime "11:16:48 PDT"]
[Termination "chessmadara won by checkmate"]

1. e4 c5 2. Nf3 g6 3. d4 cxd4 4.
Qxd4 Nf6 5. Nc3 Nc6 6. Qa4 d6 7.
Bb5 Bg7 8. e5 dxe5 9. Nxe5 O-O 10. Nxc6 bxc6 11. Bxc6 Rb8 12. O-O a5 13. Bf3 Rb4 14.
Qc6 Bb7 15. Qc5 Bxf3 16. gxf3 Nh5 17. Ne4 Bd4 18. Qg5 f5 19. c3 fxe4 20. cxb4 exf3 21. bxa5 Bf6 22. Qg4 Qd3 23. Be3 Rb8 24. Qxf3 Rxb2 25. Rad1 Qb5 26. Qd5+ Qxd5 27. Rxd5 Rxa2 28.
Rb1 Ng7 29. Rb6 Nf5 30. a6 h5 31. Rb8+ Kf7 32. Bc5 h4 33. a7 h3 34. a8=Q Rc2 35. Rf8+ Kg7 36. Rg8+ Kh6 37. Rd1 Nh4 38. Be3+ Kh5 39.
Rh8+ Kg4 40. Qe4# 1-0

[Event "*** Titled Tuesday Blitz"]
[Site "Chess.com"]
[Date "2021.04.20"]
[Round "7"]
[White "CM_rui"]
[Black "Andrii_Prydun"]
[Result "1/2-1/2"]
[WhiteElo "2460"]
[BlackElo "2335"]
[TimeControl "180+1"]
[EndTime "11:16:49 PDT"]
[Termination "Game drawn by repetition"]

1. e4 d5 2. exd5 Qxd5 3. Nf3 Nf6 4. Nc3 Qd6 5. Be2 Bf5 6. d3 h6 7. Be3 e6 8. Qd2 Be7 9. h3 a6 10. Bf4 Qd8 11. g4 Bg6 12. Ne5 Bh7 13. Bf3 c6 14.
O-O-O Nbd7 15. Nc4 Nb6 16. Qe3 Nbd5 17. Nxd5 Nxd5 18.
Bxd5 cxd5 19. Ne5 Rc8 20. Rde1 Bc5 21. Qf3 Qb6 22. Nxf7 O-O 23. Ne5 g5 24. Nd7 Qa5 25. Nxf8 Rxf8 26. Rxe6 Rxf4 27. Re8+ Kf7 28. Qe2 Be4 29.
Rc8 Rxf2 30. Qd1 Be3+ 31. Kb1 Bxh1 32. Qxh1 Kg7 33. Re8 Rg2 34. Qf1 Rg1 35. Re7+ Kg8 36.
Re8+ Kg7 37. Re7+ Kg8 38. Re8+ Kg7 1/2-1/2

[Event "*** Titled Tuesday Blitz"]
[Site "Chess.com"]
[Date "2021.04.20"]
[Round "7"]
[White "grzechu96"]
[Black "AshotParvanyan"]
[Result "1-0"]
[WhiteElo "2684"]
[BlackElo "2528"]
[TimeControl "180+1"]
[EndTime "11:16:50 PDT"]
[Termination "grzechu96 won by resignation"]

1. e4 e6 2. d4 d5 3. Nc3 Bb4 4. exd5 exd5 5. Bd3 c6 6. Ne2 Ne7 7. O-O Bf5 8. Ng3 Bxd3 9. Qxd3 O-O 10. Nce2 Nd7 11. Bf4 Ng6 12. Nh5 Nxf4 13. Nexf4 Bd6 14. Qf5 Kh8 15. Qg4 g6 16. Ng3 Nf6 17. Qf3 Re8 18. Rfe1 Kg7 19. Nd3 Qc7 20. Re3 Bxg3 21. hxg3 Rxe3 22.
Qxe3 Re8 23. Qf3 Ne4 24. c3 Nd2 25. Qd1 Ne4 26. a4 h5 27. a5 a6 28. Qf3 Ng5 29. Qf4 Qxf4 30. gxf4 Ne4 31. Ra4 Nd6 32. Rb4 Re2 33.
Kf1 Rd2 34. Nc5 Rd1+ 35. Ke2 Rb1 36. Nxb7 Nc4 37. Nc5 Nxb2 38. Nxa6 Nd1 39. Rxb1 Nxc3+ 40. Kd3 Nxb1 41. Nb4 Na3 42. a6 Nb5 43. Nxc6 Nc7 44. a7 Kf8 45. Nb4 Ke8 46. Nxd5 Na8 47. Kc4 Kd7 48.
Kc5 Kc8 49. Nb6+ Kb7 50. Nxa8 Kxa8 51. d5 Kxa7 52. Kd6 Kb6 53. Ke7 1-0

[Event "*** Titled Tuesday Blitz"]
[Site "Chess.com"]
[Date "2021.04.20"]
[Round "7"]
[White "Sychev_Klementy"]
[Black "KuzubovYuriy"]
[Result "0-1"]
[WhiteElo "2904"]
[BlackElo "2873"]
[TimeControl "180+1"]
[EndTime "11:16:51 PDT"]
[Termination "KuzubovYuriy won by resignation"]

1. e4 c5 2. Nf3 Nc6 3. d4 cxd4 4.
Nxd4 Nf6 5. Nc3 e5 6. Ndb5 d6 7.
Bg5 a6 8. Na3 b5 9. Bxf6 gxf6 10.
Nd5 f5 11. g3 Bg7 12. exf5 Bxf5 13. Bg2 Rc8 14. c3 O-O 15. Nc2 Be6 16. a4 bxa4 17. Rxa4 a5 18. O-O Rb8 19. Qc1 f5 20. Rc4 Ne7 21.
Nce3 e4 22. Nxe7+ Qxe7 23. Ra4 Qb7 24. Qd2 Qxb2 25. Qxd6 Rb6 26. Qa3 Qxa3 27. Rxa3 Rb5 28. Rfa1 Ra8 29. Bf1 Rc5 30. Rc1 Bf8 31. Raa1 a4 32. c4 Kg7 33. Ra2 a3 34. Bh3 Kg6 35. Rb1 Ra6 36. Rb3 Rca5 37. Rb8 Bc5 38. Bf1 Rb6 39. Nd5 Rxb8 40. Nf4+ Kf6 0-1

[Event "*** Titled Tuesday Blitz"]
[Site "Chess.com"]
[Date "2021.04.20"]
[Round "7"]
[White "Matensien"]
[Black "ehrenfeld"]
[Result "0-1"]
[WhiteElo "2384"]
[BlackElo "2546"]
[TimeControl "180+1"]
[EndTime "11:16:52 PDT"]
[Termination "ehrenfeld won by resignation"]

1. Nf3 Nf6 2. c4 e6 3. g3 a6 4. Bg2 b5 5. O-O Bb7 6. b3 c5 7. Bb2 Be7 8. d4 cxd4 9. cxb5 axb5 10. Nxd4 Bxg2 11. Kxg2 Qb6 12. Nc3 b4 13. Na4 Qb7+ 14.
f3 O-O 15. Rc1 Na6 16. e4 Rfc8 17. Qe2 Nc5 18. Nxc5 Bxc5 19. Ba1 d5 20. e5 Nd7 21. f4 Qa6 22. Rf2 Qb6 23. Qd3 g6 24. Rfc2 Ra5 25. h4 h5 26. Nf3 Rca8 27. Qd2 Qa7 28. Bd4 Bxd4 29. Qxd4 Qxd4 30. Nxd4 Rxa2 31. Nc6 Rxc2+ 32. Rxc2 Ra3 33. Rb2 Nc5 34. Nxb4 Rxb3 35. Rxb3 Nxb3 36. Kf3 Nd4+ 37. Ke3 Nf5+ 38. Kf3 Kf8 39. Nd3 Ke7 40.
Nc5 Kd8 41. Nd3 Kc7 42. Nc5 Kc6 43. Nb3 Kb5 44. Nd2 Kb4 45. Nf1 Kc3 46. Nh2 d4 47. Nf1 d3 48. Ke4 d2 49. Nxd2 Kxd2 0-1

[Event "*** Titled Tuesday Blitz"]
[Site "Chess.com"]
[Date "2021.04.20"]
[Round "7"]
[White "Orest_Vovk"]
[Black "ZeZacarias"]
[Result "1-0"]
[WhiteElo "2467"]
[BlackElo "2171"]
[TimeControl "180+1"]
[EndTime "11:16:52 PDT"]
[Termination "Orest_Vovk won by resignation"]

1. h3 d5 2. e4 dxe4 3. Nc3 Nf6 4. Qe2 Nc6 5. Nxe4 Nd4 6. Nxf6+ gxf6 7. Qd1 Bf5 8. d3 Qd5 9. Be3 O-O-O 10. c3 Nc6 11. Qa4 Bxd3 12. O-O-O Qe4 13. Qxe4 Bxe4 14. Rxd8+ Kxd8 15. f3 Bd5 16. b3 e5 17. Ne2 Ba3+ 18. Kc2 Rg8 19. Bf2 f5 20. Ng3 f4 21. Ne4 Be7 22. Rg1 f5 23. Nd2 e4 24. c4 e3 25. Be1 Nd4+ 26.
Kd3 exd2 27. Bxd2 Nxf3 28. Bxf4 Nxg1 29. cxd5 a6 30. Be3 Nxh3 31. gxh3 Rg3 32. Ke2 Bd6 33.
Bf2 Rc3 34. Kd2 Rf3 35. Ke2 Rc3 36. Bd4 Rc2+ 37. Kf3 Rxa2 38. Bd3 c5 39. dxc6 bxc6 40. Bxf5 Kc7 41. Bxh7 Ra3 42. Bg8 c5 43. Bb2 Ra2 44. Bf6 a5 45. h4 Ra3 46. Ke4 a4 47. bxa4 Rxa4+ 48. Kf5 Kd7 49. h5 Re4 50. Kxe4 1-0

[Event "*** Titled Tuesday Blitz"]
[Site "Chess.com"]
[Date "2021.04.20"]
[Round "7"]
[White "crazy_but_lazy"]
[Black "FMalexhdez"]
[Result "1-0"]
[WhiteElo "2431"]
[BlackElo "2229"]
[TimeControl "180+1"]
[EndTime "11:16:52 PDT"]
[Termination "crazy_but_lazy won by resignation"]

1. d4 Nf6 2. c4 e6 3. Nc3 Bb4 4. e3 c5 5. Nf3 d5 6. Bd2 cxd4 7.
exd4 O-O 8. a3 Be7 9. Rc1 Nc6 10. c5 b6 11. b4 bxc5 12. bxc5 Rb8 13. Bd3 Qa5 14.
Nxd5 Qxa3 15. Nxe7+ Nxe7 16. Qe2 Bb7 17. O-O Nf5 18. c6 Ba8 19. Rc3 Qa2 20. Bxf5 exf5 21. Qc4 Qb2 22. Bg5 Ne4 23. Rc2 Qb6 24. Ne5 Rbc8 25.
Be7 Qc7 26. Bxf8 Kxf8 27. f4 Nd6 28. Qc5 f6 29. Nc4 Rd8 30. Nxd6 Rxd6 31. d5 Kf7 32.
Rd1 a5 33. Rb2 g5 34. Qb6 Qe7 35. fxg5 fxg5 36. c7 Bxd5 37. c8=Q Bxg2 38. Qc4+ 1-0

[Event "*** Titled Tuesday Blitz"]
[Site "Chess.com"]
[Date "2021.04.20"]
[Round "7"]
[White "DamianoLew95"]
[Black "supertfc"]
[Result "1-0"]
[WhiteElo "2515"]
[BlackElo "2347"]
[TimeControl "180+1"]
[EndTime "11:16:53 PDT"]
[Termination "DamianoLew95 won on time"]

1. d4 Nf6 2. Bf4 d5 3. e3 e6 4. c3 c5 5. Nd2 Bd6 6. Bg3 Qc7 7. Ngf3 Nbd7 8. Bd3 O-O 9. O-O e5 10. dxe5 Nxe5 11.
Nxe5 Bxe5 12. e4 Bxg3 13. hxg3 Bg4 14. Qc2 c4 15. exd5 cxd3 16. Qxd3 Qe5 17. c4 Be2 18.
Rfe1 Bxd3 19. Rxe5 Rfe8 20. Ree1 Rxe1+ 21. Rxe1 Re8 22. Rxe8+ Nxe8 23. f3 b6 24. Kf2 Nd6 25. b3 Kf8 26.
g4 Ke7 27. Ke3 Bc2 28. b4 Nb7 29. Kd4 Kd6 30. a3 f5 31. g5 a5 32. Nf1 g6 33.
Ne3 Ba4 34. Nf1 Bd7 35. Ng3 Be8 36. Ne2 Bf7 37. Nf4 Bg8 38. Nd3 Bf7 39. c5+ Kc7 40. Ne5 Bg8 41. Nc4 axb4 42. axb4 bxc5+ 43. bxc5 1-0

[Event "*** Titled Tuesday Blitz"]
[Site "Chess.com"]
[Date "2021.04.20"]
[Round "7"]
[White "Iskusnyh"]
[Black "mr_gustavo"]
[Result "1-0"]
[WhiteElo "2613"]
[BlackElo "2395"]
[TimeControl "180+1"]
[EndTime "11:16:53 PDT"]
[Termination "Iskusnyh won by resignation"]

1. d4 d5 2. c4 e6 3. Nc3 Nf6 4. cxd5 Nxd5 5. e4 Nxc3 6. bxc3 c5 7. Rb1 Be7 8. Nf3 O-O 9. Be2 Nc6 10. O-O b6 11. d5 exd5 12. exd5 Nb8 13. c4 Nd7 14. Re1 Nf6 15. h3 Bf5 16. Bd3 Bxd3 17. Qxd3 Ne8 18. Ne5 Bf6 19. Nc6 Qd7 20. Bf4 Nd6 21. a4 Rfe8 22. Bxd6 Qxd6 23. Re4 g6 24. Rbe1 Rxe4 25. Qxe4 Kg7 26. g3 Qd7 27. Kg2 h5 28. h4 a6 29.
Rb1 Qc7 30. Rb3 Qd7 31. Rxb6 Re8 32. Qf3 Qc7 33. Rb1 Bd4 34. Nxd4 cxd4 35. Qd3 Qc5 36.
Rd1 Kg8 37. Qxd4 Qa3 38. c5 Re2 39. d6 Qb3 40. d7 Qb7+ 41. Qd5 Qb2 42. d8=Q+ Kg7 43.
Qd4+ 1-0

[Event "*** Titled Tuesday Blitz"]
[Site "Chess.com"]
[Date "2021.04.20"]
[Round "7"]
[White "Mr_Sinigami"]
[Black "elm2007"]
[Result "1-0"]
[WhiteElo "2617"]
[BlackElo "2781"]
[TimeControl "180+1"]
[EndTime "11:16:54 PDT"]
[Termination "Mr_Sinigami won by resignation"]

1. d4 Nf6 2. Nf3 e6 3. Bf4 d5 4. e3 c5 5. Nbd2 Nc6 6. c3 cxd4 7. exd4 Be7 8. Bd3 O-O 9. O-O Ne8 10. Re1 f5 11. Ne5 Nf6 12. h3 Ne4 13. f3 Bh4 14. Re2 Ng3 15. Bxg3 Bxg3 16. Nxc6 bxc6 17. Nf1 Bd6 18.
Qd2 c5 19. dxc5 Bxc5+ 20. Kh1 Bd6 21. f4 Kh8 22. Nh2 g5 23. fxg5 e5 24. g6 e4 25.
Qh6 Qd7 26. g7+ Qxg7 27. Qxd6 exd3 28. Re7 Qf6 29. Qxf6+ Rxf6 30. Re8+ Kg7 31. Rd1 f4 32. Rxd3 Bf5 33. Rxa8 Bxd3 34. Rxa7+ Kg6 35. Re7 Be4 36. Nf3 Rb6 37. b3 Ra6 38. a4 Kf6 39. Rc7 Bc2 40.
Nd4 Bd1 41. Kg1 Ra8 42. Kf2 Rb8 43. b4 Bxa4 44. Ra7 Be8 45. Rc7 Ra8 46. Kf3 Ra2 47. Rxh7 Ra3 48. Rc7 Ra2 49. b5 Rxg2 50.
Kxg2 1-0

[Event "*** Titled Tuesday Blitz"]
[Site "Chess.com"]
[Date "2021.04.20"]
[Round "7"]
[White "A-S-00"]
[Black "pirulillo"]
[Result "0-1"]
[WhiteElo "2319"]
[BlackElo "2219"]
[TimeControl "180+1"]
[EndTime "11:16:54 PDT"]
[Termination "pirulillo won on time"]

1. d4 Nf6 2. c4 g6 3. g3 Bg7 4. Bg2 O-O 5. Nf3 d6 6. O-O Bf5 7. Nc3 Ne4 8. Qb3 Nxc3 9. bxc3 Be4 10. Rd1 Qc8 11. Bf1 c5 12. Nd2 Bc6 13. d5 Be8 14. Rb1 b6 15. e4 Qa6 16. Re1 Nd7 17. f4 e6 18. Bh3 exd5 19. cxd5 Nf6 20. Bf1 Qa4 21.
Qxa4 Bxa4 22. Bd3 Rfe8 23. Nc4 Rad8 24. Kf1 b5 25. Na5 c4 26. Be2 Rxe4 27. Bf3 Rxe1+ 28.
Kxe1 Re8+ 29. Kf2 Ne4+ 30. Bxe4 Rxe4 31. Bd2 f5 32. Nc6 Bf6 33. Nxa7 Bc2 34. Rc1 Bd3 35.
Nxb5 Re2+ 36. Kf3 Rxd2 37. a4 Be4+ 38. Ke3 Ra2 39. Nxd6 Bd3 0-1

[Event "*** Titled Tuesday Blitz"]
[Site "Chess.com"]
[Date "2021.04.20"]
[Round "7"]
[White "LamaChampetre"]
[Black "chessprincesa1"]
[Result "1-0"]
[WhiteElo "2210"]
[BlackElo "2315"]
[TimeControl "180+1"]
[EndTime "11:16:55 PDT"]
[Termination "LamaChampetre won on time"]

1. d4 Nf6 2. c4 e6 3. Nf3 d5 4. g3 dxc4 5. Bg2 Be7 6. O-O O-O 7.
Ne5 Nc6 8. Bxc6 bxc6 9. Nxc6 Qe8 10. Nxe7+ Qxe7 11. Qa4 c5 12. Qa3 Bb7 13. Bg5 Rfe8 14. dxc5 h6 15. Bxf6 Qxf6 16. Nc3 Rec8 17. Qb4 Bd5 18.
Nxd5 exd5 19. Rfd1 Qe5 20. e3 h5 21. Rd4 Rab8 22. Qa3 Rb7 23. Rad1 Rd7 24. Qa4 Rcc7 25.
c6 Rd6 26. Qb5 Rdxc6 27. Rxd5 Qe4 28. Rd8+ Kh7 29. Qxh5+ Rh6 30. Qd5 Qc2 31. Qd2 Qe4 32. Qd5 Qc2 33. Qe5 Rf6 34. Rf1 c3 35. Qxc7 Qxb2 36.
Rc8 Qxa2 37. Qxc3 Qe6 38. Qc2+ Rg6 39. Rc4 Qh3 40. Rh4+ 1-0

[Event "*** Titled Tuesday Blitz"]
[Site "Chess.com"]
[Date "2021.04.20"]
[Round "7"]
[White "pastouche06"]
[Black "ZEN-22"]
[Result "0-1"]
[WhiteElo "2556"]
[BlackElo "2394"]
[TimeControl "180+1"]
[EndTime "11:16:56 PDT"]
[Termination "ZEN-22 won by resignation"]

1. d4 d5 2. c4 e6 3. Nc3 c5 4. cxd5 exd5 5. Nf3 Nc6 6. g3 Nf6 7. Bg2 h6 8. O-O Be6 9. dxc5 Bxc5 10. Na4 Bb6 11.
Nxb6 axb6 12. Nd4 O-O 13. b3 Re8 14. Nxe6 fxe6 15. Bb2 e5 16. Qd2 d4 17. Rfc1 Qd6 18.
a3 Rad8 19. b4 e4 20. Qf4 Qe6 21. h4 Nd5 22. Qd2 e3 23. Qe1 exf2+ 24. Qxf2 Ne3 25. Bf3 Ne5 26. Rc7 N5g4 27. Bxg4 Nxg4 28. Qf3 Ne5 29.
Qxb7 Qg4 30. Kh2 Qxe2+ 31. Qg2 Nf3+ 32. Kh3 Qe6+ 33. g4 Ne5 34. Re1 Qd5 35. Qxd5+ Rxd5 36.
Rcc1 Re7 37. Kg3 g5 38. Rc8+ Kg7 39. hxg5 hxg5 40. Rh1 Ng6 41. Rf1 Re3+ 42. Kg2 Nf4+ 43. Kg1 Rg3+ 44. Kh2 Rg2+ 45. Kh1 Rxb2 46. Re1 Rd7 47.
Re5 Rb1+ 48. Kh2 Rb2+ 49. Kg3 Ng6 50. Re6 Rf7 51. Rcc6 Rb3+ 52. Kg2 Nf4+ 0-1

[Event "*** Titled Tuesday Blitz"]
[Site "Chess.com"]
[Date "2021.04.20"]
[Round "7"]
[White "NateSolon"]
[Black "woodhy"]
[Result "1-0"]
[WhiteElo "2650"]
[BlackElo "2496"]
[TimeControl "180+1"]
[EndTime "11:16:57 PDT"]
[Termination "NateSolon won by resignation"]

1. d4 Nf6 2. c4 e6 3. g3 d5 4. Bg2 dxc4 5. Nf3 Be7 6. O-O O-O 7. Qc2 a6 8. a4 b6 9. Ne5 Ra7 10. Rd1 Bb7 11. e4 Nc6 12. Nxc6 Bxc6 13. Nc3 Qa8 14.
d5 exd5 15. exd5 Bb7 16. Bf4 Bd6 17. Bg5 Be5 18. Bxf6 Bxf6 19. Ne4 Be5 20. Qxc4 Bxb2 21. Rab1 Be5 22. f4 b5 23. Qc5 Bf6 24. Nxf6+ gxf6 25. axb5 axb5 26. Rxb5 Bc8 27. d6 cxd6 28. Qd4 Bb7 29. Qxf6 d5 30. Qg5+ Kh8 31. Qf6+ Kg8 32. Bxd5 Bxd5 33.
Rbxd5 Ra5 34. Qg5+ Kh8 35. Rxa5 Qc6 36. Rad5 Re8 37. Rd8 Qb6+ 38. Kg2 Qc6+ 39. Qd5 Qc2+ 40. Rd2 Qa4 41. Rxe8+ Qxe8 42. Qe5+ Qxe5 43. fxe5 1-0

[Event "*** Titled Tuesday Blitz"]
[Site "Chess.com"]
[Date "2021.04.20"]
[Round "7"]
[White "Vaathi_Coming"]
[Black "Abund"]
[Result "1-0"]
[WhiteElo "2912"]
[BlackElo "2737"]
[TimeControl "180+1"]
[EndTime "11:16:58 PDT"]
[Termination "Vaathi_Coming won by checkmate"]

1. Nf3 Nf6 2. b3 g6 3. Bb2 Bg7 4.
e3 O-O 5. Be2 b6 6. O-O Bb7 7.
c4 c5 8. d4 cxd4 9. exd4 d5 10.
Nbd2 Nbd7 11. Re1 Re8 12. Rc1 Rc8 13. Bf1 e6 14. g3 Rc7 15. Bg2 Qa8 16. Rc2 Rec8 17.
Ba3 Ne4 18. Nxe4 dxe4 19. Ng5 h6 20. Nh3 Nf6 21. Bd6 Rd7 22. Be5 Rcd8 23. Qa1 Ne8 24. Bxg7 Nxg7 25. Nf4 Rxd4 26. Nd5 R4xd5 27. cxd5 exd5 28.
Qf6 Qb8 29. Rec1 Ne6 30. h4 h5 31. Bh3 Re8 32. Bxe6 Rxe6 33. Qd4 e3 34. Kh2 Re4 35. Qf6 d4 36. Rc7 Qe8 37. Rxb7 exf2 38. Rf1 Qc8 39. Qxf7+ Kh8 40. Qg7# 1-0

[Event "*** Titled Tuesday Blitz"]
[Site "Chess.com"]
[Date "2021.04.20"]
[Round "7"]
[White "nocnypako"]
[Black "Kopytkin"]
[Result "1-0"]
[WhiteElo "2524"]
[BlackElo "2359"]
[TimeControl "180+1"]
[EndTime "11:16:58 PDT"]
[Termination "nocnypako won on time"]

1. d4 Nf6 2. c4 g6 3. Nc3 Bg7 4. e4 O-O 5. Nf3 d6 6. Be2 e5 7. O-O Nc6 8. d5 Nb8 9. Ne1 Nfd7 10. Be3 f5 11. f3 a5 12. Nd3 Na6 13. Rc1 Ndc5 14.
Nxc5 Nxc5 15. Na4 fxe4 16. Nxc5 exf3 17. Bxf3 dxc5 18. Bxc5 Rf7 19. Qe2 Ra6 20. Be4 Rf4 21. g3 Bg4 22. Qd3 Rff6 23. Be3 Bh3 24. Rxf6 Qxf6 25.
c5 Ra8 26. Rc2 Rf8 27. Rf2 Qd8 28. Qb3 Kh8 29. Qxb7 Rxf2 30. Bxf2 Bf8 31. Qb3 Qf6 32. Qf3 Qd8 33. Be3 Kg7 34. Qf2 h5 35. Qc2 Qf6 36.
Qf2 Qd8 37. Qd2 Be7 38. Bh6+ Kh7 39. Be3 Kg7 40. Bg2 Bf5 41. Qxa5 Bg5 42. Qd2 1-0

[Event "*** Titled Tuesday Blitz"]
[Site "Chess.com"]
[Date "2021.04.20"]
[Round "7"]
[White "exoticprincess"]
[Black "Durarbayli"]
[Result "1-0"]
[WhiteElo "2931"]
[BlackElo "2754"]
[TimeControl "180+1"]
[EndTime "11:17:00 PDT"]
[Termination "exoticprincess won on time"]

1. b3 Nf6 2. Bb2 g6 3. Bxf6 exf6 4. c4 d5 5. cxd5 Qxd5 6. Nc3 Qa5 7. a3 c5 8. g3 Nc6 9. Bg2 f5 10. e3 Be6 11. Nge2 Rd8 12. O-O Bg7 13. b4 cxb4 14.
axb4 Qxb4 15. d4 O-O 16. Qb1 a5 17. Rc1 Bc4 18. Ra4 Qxb1 19. Rxb1 Ba6 20. Rb6 Rc8 21. Bf3 Rfd8 22. Kg2 Bf8 23. Bxc6 Rxc6 24. Rxc6 bxc6 25. Rxa5 Bb7 26. Kf1 Ra8 27. Rxa8 Bxa8 28. Na4 Bb7 29. Nf4 Ba6+ 30. Ke1 Bb4+ 31. Kd1 Kf8 32. Nb2 Ke7 33.
Nfd3 Bc3 34. Kc2 Ba5 35. Ne5 Bb5 36. Nbd3 f6 37. Nf3 Kd6 38. h4 Kd5 39. Nf4+ Kd6 40. Nd3 Kd5 41. Nf4+ Kd6 42. Nd2 g5 43. Nh5 Ke6 44.
Ng7+ 1-0